 Dungeon Crawl Stone Soup version 0.30.1-4-g462c640d31 (webtiles) character file.

Game seed: 11418113005410255746

163 ArizonaTea the Ducker (level 5, -2/43 HPs)
             Began as a Gnoll Gladiator on Aug 24, 2023.
             Slain by Sigmund
             ... wielding a +0 scythe of venom
              (5 damage)
             ... on level 3 of the Dungeon.
             The game lasted 00:05:43 (2509 turns).

ArizonaTea the Ducker (Gnoll Gladiator)             Turns: 2509, Time: 00:05:44

Health: -2/43      AC:  4    Str: 16    XL:     5   Next: 44%
Magic:  7/7        EV: 14    Int:  7    God:
Gold:   149        SH:  0    Dex: 13    Spells: 7/7 levels left

rFire   . . .        a - +0 long sword
rCold   + . .        (no shield)
rNeg    . . .        b - +0 leather armour
rPois   .            c - +0 helmet
rElec   .            (no cloak)
rCorr   .            (no gloves)
SInv    .            (no boots)
Will    .....        (no amulet)
Stlth   ++           f - ring of protection from cold
HPRegen 0.27/turn    (no ring)
MPRegen 0.10/turn

%: no passive effects
@: lethally poisoned (-2 -> -3)
A: fangs 1, strong nose, distributed training
a: no special abilities


You were on level 3 of the Dungeon.
You visited 1 branch of the dungeon, and saw 3 of its levels.

You collected 149 gold pieces.

Inventory:

Hand Weapons
 a - a +0 long sword (weapon)
 p - a +3 quarterstaff of chaos
Missiles
 d - 3 throwing nets (quivered)
 e - a javelin
Armour
 b - a +0 leather armour (worn)
 c - a +0 helmet (worn)
Magical Staves
 l - a staff of earth
Jewellery
 f - a ring of protection from cold (left hand)
 n - a ring of resist corrosion
Scrolls
 g - 4 scrolls of poison {unknown}
 i - 4 scrolls of identify
 j - a scroll of noise {unknown}
 k - 2 scrolls of enchant armour {unknown}
 m - a scroll of immolation {unknown}
 o - a scroll of magic mapping {unknown}
 t - a scroll of teleportation {unknown}
 u - 2 scrolls of vulnerability {unknown}
Potions
 h - 2 potions of attraction {unknown}
 q - 2 potions of magic {unknown}
 r - a potion of curing {unknown}
 s - a potion of haste {unknown}
 v - a potion of flight {unknown}
 w - a potion of heal wounds {unknown}


   Skills:
 + Level 4.8 Fighting
 + Level 1.5 Short Blades
 + Level 6.7 Long Blades
 + Level 1.5 Axes
 + Level 1.5 Maces & Flails
 + Level 1.5 Polearms
 + Level 1.5 Staves
 + Level 1.5 Ranged Weapons
 + Level 4.8 Throwing
 + Level 1.5 Armour
 + Level 6.7 Dodging
 + Level 1.5 Stealth
 + Level 1.5 Shields
 + Level 1.5 Unarmed Combat
 + Level 1.5 Spellcasting
 + Level 1.2 Conjurations
 + Level 1.2 Hexes
 + Level 1.2 Summonings
 + Level 1.2 Necromancy
 + Level 1.2 Translocations
 + Level 1.2 Transmutations
 + Level 1.2 Fire Magic
 + Level 1.2 Ice Magic
 + Level 1.2 Air Magic
 + Level 1.2 Earth Magic
 + Level 1.2 Poison Magic
 + Level 1.7 Invocations
 + Level 1.5 Evocations


You had 7 spell levels left.
You didn't know any spells.
Your spell library contained the following spells:

 Spells                   Type           Power      Damage    Failure   Level
 Ignite Poison            Fire/Tmut/Pois 2%         N/A       65%         3
 Sticky Flame             Conj/Fire      2%         2d3       96%         4
 Ignition                 Fire           1%         3d3       100%        8


Dungeon Overview and Level Annotations

Branches:
Dungeon (3/15)

Altars:
Uskayaw
Wu Jian

Annotations:
D:1 1 transporter
D:3 Sigmund


Innate Abilities, Weirdness & Mutations

You have very sharp teeth.
Your uncanny sense of smell can sniff out nearby items.
Your experience applies equally to all skills.


Message History

The dart slug is severely wounded.
The dart slug barely misses you.
You slash the dart slug!
You kill the dart slug!
No target in view!
No target in view!
No target in view!
Sigmund the Dreaded comes into view.
He is wielding a +0 scythe of venom and wearing a +2 robe of willpower.
Sigmund is nearby!
Sigmund is nearby!
Sigmund mumbles some strange words.
Sigmund flickers and vanishes!
Deactivating autopickup; reactivate with Ctrl-A.
There is a strange disturbance nearby!
No target in view!
There is a strange disturbance nearby!
You closely miss something. Your punch misses something.
Your bite misses something. Something hits you!
You are poisoned.
You barely miss something.
You feel very sick. Something hits you!
You miss something. You bite something.
You feel very sick.
You miss something.
You feel sick. Something hits you.
You are more poisoned.
* * * LOW HITPOINT WARNING * * *
You feel very sick. Something barely misses you.
* * * LOW HITPOINT WARNING * * *
You feel very sick.
* * * LOW HITPOINT WARNING * * *
You feel sick.
You feel sick.
* * * LOW HITPOINT WARNING * * *
You feel sick.
You feel sick.
You feel sick.
You feel sick. Something hits you.
You die...

#.###.#........>#
#.##..###########
#.##.## #.##.#
#.##.# ###.##.#
#....#.# #......#
#.<@...# #....#.#
#..#.#.# #..._..#
#..#.### ##...#
#####


There were no monsters in sight!

Vanquished Creatures
  Crazy Yiuf (D:2)
  Jessica (D:3)
  2 adders
  A worm (D:3)
  4 dart slugs
  9 ball pythons
  8 endoplasms
  2 giant cockroaches
  7 goblins
  4 hobgoblins
  7 jackals (D:1)
  6 kobolds
  6 quokkas
  8 bats
  5 frilled lizards
  5 rats
76 creatures vanquished.

Notes
Turn   | Place    | Note
-------+----------+-------------------------------------------
     0 | D:1      | ArizonaTea the Gnoll Gladiator began the quest for the Orb.
     0 | D:1      | Reached XP level 1. HP: 20/20 MP: 1/1
    37 | D:1      | Reached XP level 2. HP: 26/26 MP: 2/2
   177 | D:1      | Reached XP level 3. HP: 30/31 MP: 3/3
   274 | D:1      | Reached skill level 1 in Invocations
   699 | D:1      | Reached skill level 1 in Short Blades
   699 | D:1      | Reached skill level 1 in Axes
   699 | D:1      | Reached skill level 1 in Maces & Flails
   699 | D:1      | Reached skill level 1 in Polearms
   699 | D:1      | Reached skill level 1 in Staves
   699 | D:1      | Reached skill level 1 in Ranged Weapons
   699 | D:1      | Reached skill level 1 in Armour
   699 | D:1      | Reached skill level 1 in Stealth
   699 | D:1      | Reached skill level 1 in Shields
   699 | D:1      | Reached skill level 1 in Unarmed Combat
   699 | D:1      | Reached skill level 1 in Spellcasting
   699 | D:1      | Reached skill level 1 in Evocations
  1098 | D:2      | Reached XP level 4. HP: 37/38 MP: 5/5
  1388 | D:2      | Found a faded altar of an unknown god.
  1473 | D:2      | Found a runed translucent door.
  1474 | D:2      | Noticed Crazy Yiuf
  1520 | D:2      | Reached skill level 1 in Conjurations
  1520 | D:2      | Reached skill level 1 in Hexes
  1520 | D:2      | Reached skill level 1 in Summonings
  1520 | D:2      | Reached skill level 1 in Necromancy
  1520 | D:2      | Reached skill level 1 in Translocations
  1520 | D:2      | Reached skill level 1 in Transmutations
  1520 | D:2      | Reached skill level 1 in Fire Magic
  1520 | D:2      | Reached skill level 1 in Ice Magic
  1520 | D:2      | Reached skill level 1 in Air Magic
  1520 | D:2      | Reached skill level 1 in Earth Magic
  1520 | D:2      | Reached skill level 1 in Poison Magic
  1762 | D:2      | Killed Crazy Yiuf
  1763 | D:2      | Reached XP level 5. HP: 30/43 MP: 5/7
  2194 | D:3      | Noticed Jessica
  2207 | D:3      | Killed Jessica
  2296 | D:3      | Found a hide-covered altar of Uskayaw.
  2485 | D:3      | Found an ornate altar of the Wu Jian Council.
  2494 | D:3      | Noticed Sigmund
  2509 | D:3      | Slain by Sigmund

Illustrated notes

Levels and vault maps discovered:
D:1:      spicycebolla_arrival_risky_transporter, layout_loops_ring,
          serial_glass, glass_columns_b, glass_columns_a, st_stairs_10,
          grunt_decor_cap, minmay_misc_feat_more_columns
D:2:      layout_loops_cross, shapermc_ecumenical_altar_mp_urbaneastern,
          serial_bayou_pond_d, minmay_tripent, uniq_crazy_yiuf_cottage
D:3:      layout_rooms, lemuel_crystal_altar, nicolae_uskayaw_suspiria,
          uniq_jessica, uniq_sigmund

Skill      XL: |  1  2  3  4 |
---------------+-------------+-----
Invocations    | 1 |  1.7
Short Blades   | 1 |  1.5
Axes           | 1 |  1.5
Maces & Flails | 1 |  1.5
Polearms       | 1 |  1.5
Staves         | 1 |  1.5
Ranged Weapons | 1 |  1.5
Armour         | 1 |  1.5
Stealth        | 1 |  1.5
Shields        | 1 |  1.5
Unarmed Combat | 1 |  1.5
Spellcasting   | 1 |  1.5
Evocations     | 1 |  1.5
Conjurations   | 1 |  1.2
Hexes          | 1 |  1.2
Summonings     | 1 |  1.2
Necromancy     | 1 |  1.2
Translocations | 1 |  1.2
Transmutations | 1 |  1.2
Fire Magic     | 1 |  1.2
Ice Magic      | 1 |  1.2
Air Magic      | 1 |  1.2
Earth Magic    | 1 |  1.2
Poison Magic   | 1 |  1.2
Fighting       | |  4.8
Long Blades    | |  6.7
Throwing       | |  4.8
Dodging        | |  6.7

Action                     |  1- 3 |  4- 6 || total
---------------------------+-------+-------++-------
  Melee: Long sword        |   140 |   120 ||   260
         Bite              |    13 |    13 ||    26
         Punch             |     1 |     2 ||     3
    Use: Scroll            |     2 |       ||     2
   Stab: Sleeping          |     2 |     1 ||     3
 Armour: Leather armour    |    59 |    27 ||    86
  Dodge: Dodged            |   223 |    97 ||   320
